 Dungeon Crawl Stone Soup version 0.29.1-15-g9cfb28693d (webtiles) character file.

Game seed: 9664415404739653216

8337 HOAXBANE the Ducker (level 11, -1/71 HPs)
             Began as a Human Artificer on Feb 23, 2023.
             Was a Priest of Dithmenos.
             Slain by a cane toad (17 damage)
             ... on level 1 of the Lair of Beasts on Feb 25, 2023.
             The game lasted 02:47:22 (13889 turns).

HOAXBANE the Ducker (Human Artificer)              Turns: 13889, Time: 02:47:23

Health: -1/71      AC: 14    Str: 12    XL:     11   Next: 53%
Magic:  6/30       EV: 13    Int: 22    God:    Dithmenos [***...]
Gold:   336        SH:  0    Dex: 16    Spells: 5/24 levels left

rFire   . . .      SeeInvis .   E - +6 quarterstaff (chaos)
rCold   . . .      Faith    +   (shield currently unavailable)
rNeg    . . .      Spirit   .   H - +0 swamp dragon scales
rPois   +          Reflect  .   G - +1 helmet "Madanlewk" {Will+ Dex+2}
rElec   .          Harm     .   (no cloak)
rCorr   .          Rampage  .   r - +2 pair of gloves
Will    +....                   (no boots)
Stlth   +.........              L - amulet of faith
HPRegen 0.21/turn               s - ring of magical power
MPRegen 0.22/turn               o - +6 ring of intelligence

@: mighty, swift, slowed, wreathed by umbra
A: no striking features
a: Renounce Religion, Shadow Step


You were on level 1 of the Lair of Beasts.
You worshipped Dithmenos.
Dithmenos was most pleased with you.
You visited 2 branches of the dungeon, and saw 11 of its levels.

You collected 564 gold pieces.
You spent 228 gold pieces at shops.

Inventory:

Hand Weapons
 E - a +6 quarterstaff of chaos (weapon)
Missiles
 i - 25 poisoned darts
 u - 2 atropa-tipped darts
Armour
 r - a +2 pair of gloves (worn)
 z - the +3 leather armour "Jemagh" {rCorr SInv}
   (You found it on level 4 of the Dungeon)

   SInv:      It lets you see invisible.
   rCorr:     It protects you from acid and corrosion.
 A - a +0 crystal plate armour
 F - a +2 leather armour of fire resistance
 G - the +1 helmet "Madanlewk" (worn) {Will+ Dex+2}
   (You bought it in a shop on level 6 of the Dungeon)

   Dex:       It affects your dexterity (+2).
   Will:      It increases your willpower.
 H - +0 swamp dragon scales (worn)
Jewellery
 b - an amulet of guardian spirit
 o - a +6 ring of intelligence (right hand)
 s - a ring of magical power (left hand)
 B - a +6 ring of intelligence
 D - a +4 ring of protection
 L - an amulet of faith (around neck)
Wands
 c - a wand of flame (32) (quivered)
 d - a wand of charming (13)
 e - a wand of iceblast (1)
 J - a wand of quicksilver (1)
Scrolls
 f - 3 scrolls of fog
 g - a scroll of poison {unknown}
 k - a scroll of amnesia
 q - 2 scrolls of magic mapping {unknown}
 v - 2 scrolls of blinking
 x - 2 scrolls of fear {unknown}
 y - a scroll of teleportation {unknown}
 I - 2 scrolls of noise {unknown}
 K - a scroll of vulnerability {unknown}
Potions
 a - a potion of invisibility
 h - 3 potions of curing
 j - 3 potions of might
 l - 3 potions of mutation
 m - a potion of magic {unknown}
 n - 3 potions of heal wounds
 p - 3 potions of flight
 t - a potion of resistance {unknown}
 w - 3 potions of attraction
 C - 3 potions of brilliance {unknown}


   Skills:
 - Level 1.5 Fighting
 + Level 5.8 Armour
 - Level 7.0 Dodging
 - Level 1.0 Stealth
 - Level 7.0 Spellcasting
 - Level 6.0 Conjurations
 - Level 3.0 Hexes
 - Level 6.1 Summonings
 - Level 7.0 Air Magic
 - Level 4.0 Earth Magic
 - Level 3.0 Evocations


You had 5 spell levels left.
You knew the following spells:

 Your Spells              Type           Power      Damage    Failure   Level
a - Summon Guardian Gole  Hex/Summ       28%        N/A       8%          3
b - Magic Dart            Conj           100%       1d8       1%          1
c - Searing Ray           Conj           68%        2d6       2%          2
d - Call Imp              Summ           34%        N/A       1%          2
e - Swiftness             Air            38%        N/A       2%          3
f - Animate Armour        Summ/Erth      60%        N/A       21%         4
g - Airstrike             Air            19%        2d(3-19)  10%         4

Your spell library contained the following spells:

 Spells                   Type           Power      Damage    Failure   Level
 Shock                    Conj/Air       100%       1d9       1%          1
 Mephitic Cloud           Conj/Pois/Air  26%        N/A       9%          3
 Fulminant Prism          Conj/Hex       13%        3d9       26%         4
 Iskenderun's Mystic Bla  Conj/Tloc      20%        2d6       43%         4
 Lee's Rapid Deconstruct  Erth           12%        3d10*     65%         5
 Irradiate                Conj/Tmut      10%        3d15      80%         5
 Blade Hands              Tmut           3%         N/A       99%         5
 Iron Shot                Conj/Erth      14%        9d4       97%         6
 Dragon Form              Tmut           3%         N/A       100%        7
 Orb of Destruction       Conj           17%        9d7       100%        7
 Spellforged Servitor     Conj/Summ      17%        N/A       100%        7


Dungeon Overview and Level Annotations

Branches:
Dungeon (9/15)             Temple (0/1) D:7            Lair (2/5) D:8
  Swamp: Lair:2-3    Shoals: Lair:2-3     Snake: Lair:2-3    Spider: Lair:2-3
    Orc: D:9-12

Altars:
Cheibriados
Dithmenos
Gozag
Hepliaklqana
Makhleb
Okawaru
Ru
Trog
Uskayaw
Wu Jian
Yredelemnul
Lugonu

Shops:
D:1 :   D:6 [

Portals:
Abyss: D:5 Lair:1

Annotations:
D:5 2 transporters, Roflanpepe's ghost, amateur KoBr
Lair:2 Erica


Message History

Blink to where?
Press: ? - help, Dir - move target, p - cane toad
As you read the scroll of blinking, it crumbles to dust.
You feel very sick.
Casting: Searing Ray (safe; 2% risk of failure)
Confirm with . or Enter, or press ? or * to list all spells.
Okay, then.
Unknown command.
Casting: Searing Ray (safe; 2% risk of failure)
Confirm with . or Enter, or press ? or * to list all spells.
You feel quick.
You feel very sick.
You feel sick.
You feel sick.
You feel sick.
Erica shouts!
Press: ? - help, v - describe, . - travel
Here: Erica, wielding a +0 scimitar of flaming and wearing a +2 robe of willpower The floor.
Unknown command.
You feel sick.
You feel sick.
You feel better.
Erica casts a spell.
Erica flickers and vanishes!
Deactivating autopickup; reactivate with Ctrl-A.
You feel yourself slow down. The cane toad attacks as you move away!
The cane toad barely misses you.
There is an escape hatch in the ceiling here.
The cane toad stings you.
* * * LOW HITPOINT WARNING * * *
You are lethally poisoned!
The cane toad poisons you! The cane toad stings you.
* * * LOW HITPOINT WARNING * * *
A mysterious force pulls you upwards. The hatch slams shut behind you.
Reactivating autopickup.
* * * LOW HITPOINT WARNING * * *
You feel extremely sick.
You feel better. The cane toad stings you!
You die...

#...............####.P#..#####..
##..............# #.###....##..
##..............####.##.5##.##..
#................##..###.#...5.5
##..............###..##..##.....
##P..............#.##..##.####.##
..........................# ###
.................F........#
###.............@####.#####
#.########.#P#.# ### ### #######


You could see a cane toad.

Vanquished Creatures
  A hydra (Lair:2)
  2 cane toads (Lair:1)
  Maggie (D:6)
  2 yaks (Lair:2)
  2 wyverns
  A steam dragon (D:8)
  3 wargs (D:8)
  2 ice beasts
  2 water moccasins
  3 orc warriors
  4 sky beasts (D:7)
  A black bear (Lair:1)
  3 wolves (Lair:1)
  A kobold brigand (D:8)
  6 bullfrogs
  2 scorpions
  3 wights (D:6)
  Dowan (D:5)
  4 killer bees (D:8)
  A howler monkey (D:4)
  4 hounds
  2 jellies
  3 orc priests
  3 orc wizards
  2 iguanas
  A hound skeleton (D:3)
  A howler monkey zombie (D:3)
  7 gnolls
  5 adders
  A white imp (D:6)
  3 ufetubi
  A worm (D:4)
  3 dart slugs
  18 orcs
  4 bats
  3 endoplasms (D:1)
  3 giant cockroaches
  8 goblins
  7 hobgoblins
  2 jackals (D:2)
  10 kobolds
  3 quokkas
  4 ball pythons
  A ball python skeleton (D:3)
  A frilled lizard (D:1)
  8 rats
  A lurking horror (Lair:1)
154 creatures vanquished.

Vanquished Creatures (collateral kills)
  A wyvern (Lair:2)
  A steam dragon (D:8)
  A bullfrog (Lair:1)
  2 orcs (D:8)
  A kobold (D:8)
6 creatures vanquished.

Vanquished Creatures (others)
  A two-headed ogre (D:8)
  A black mamba (Lair:1)
  2 cane toads (Lair:1)
  2 yaks (Lair:2)
  Duvessa (D:5)
  A water moccasin (Lair:2)
  2 black bears
  An ice beast (D:5)
  An ogre (D:5)
  2 killer bees (D:8)
  Crazy Yiuf (D:5)
  An orc (D:5)
  2 fungi (Lair:1)
  3 plants (Lair:1)
  3 withered plants (D:3)
24 creatures vanquished.

Grand Total: 184 creatures vanquished

Notes
Turn   | Place    | Note
-------+----------+-------------------------------------------
     0 | D:1      | HOAXBANE the Human Artificer began the quest for the Orb.
     0 | D:1      | Reached XP level 1. HP: 15/15 MP: 1/1
   345 | D:1      | Reached XP level 2. HP: 7/21 MP: 2/2
   734 | D:1      | Found Haikuhoo's Book Shop.
   912 | D:1      | Reached XP level 3. HP: 18/26 MP: 2/4
   932 | D:1      | Learned a level 3 spell: Summon Guardian Golem
  1150 | D:1      | Reached skill level 1 in Spellcasting
  1639 | D:2      | Learned a level 1 spell: Magic Dart
  2621 | D:3      | Reached XP level 4. HP: 32/32 MP: 5/5
  3049 | D:3      | Reached skill level 1 in Summonings
  3076 | D:3      | Found a shadowy altar of Dithmenos.
  3082 | D:3      | Became a worshipper of Dithmenos the Shadowed
  3085 | D:3      | Found an ornate altar of the Wu Jian Council.
  3146 | D:2      | Reached skill level 1 in Conjurations
  3146 | D:2      | Reached skill level 1 in Hexes
  3183 | D:2      | Reached XP level 5. HP: 26/37 MP: 7/7
  3258 | D:2      | Learned a level 2 spell: Searing Ray
  3452 | D:3      | Found a faded altar of an unknown god.
  3931 | D:4      | Reached XP level 6. HP: 36/43 MP: 9/9
  3948 | D:4      | Noticed a black bear
  3968 | D:4      | Killed a black bear
  4137 | D:4      | Identified the +3 leather armour "Jemagh" {rCorr SInv}
  5306 | D:5      | Entered Level 5 of the Dungeon
  5380 | D:5      | Noticed Duvessa
  5380 | D:5      | Noticed Dowan
  5405 | D:5      | Killed Duvessa
  5406 | D:5      | Reached XP level 7. HP: 48/48 MP: 10/10
  5653 | D:5      | Killed Dowan
  5653 | D:5      | Reached * piety under Dithmenos
  6162 | D:5      | Reached XP level 8. HP: 40/54 MP: 3/11
  6406 | D:5      | Noticed Roflanpepe's ghost (amateur KoBr)
  6408 | D:5      | Noticed an ancient zyme
  6539 | D:5      | Found a one-way gate to the infinite horrors of the Abyss.
  6565 | D:5      | Found a transporter.
  6574 | D:5      | Found a transporter.
  6788 | D:5      | Found a runed translucent door.
  6789 | D:5      | Noticed Crazy Yiuf
  6959 | D:5      | Killed Crazy Yiuf
  7424 | D:6      | Found Ygoed's Antique Armour Boutique.
  7674 | D:6      | Bought a bloodstained helmet for 228 gold pieces
  7674 | D:6      | Identified the +1 helmet "Madanlewk" {Will+ Dex+2} (You
                  | bought it in a shop on level 6 of the Dungeon)
  7700 | D:6      | Noticed Maggie
  7710 | D:6      | Killed Maggie
  7711 | D:6      | Reached skill level 5 in Dodging
  7711 | D:6      | Reached skill level 5 in Conjurations
  7711 | D:6      | Reached XP level 9. HP: 19/59 MP: 5/15
  8153 | D:6      | Found a hazy altar of Hepliaklqana.
  8153 | D:6      | Found a basalt altar of Yredelemnul.
  8153 | D:6      | Found an opulent altar of Gozag.
  8153 | D:6      | Found a snail-covered altar of Cheibriados.
  8222 | D:6      | Found a sacrificial altar of Ru.
  8222 | D:6      | Found a hide-covered altar of Uskayaw.
  8223 | D:6      | Found an iron altar of Okawaru.
  8223 | D:6      | Found a burning altar of Makhleb.
  8223 | D:6      | Found a bloodstained altar of Trog.
  8829 | D:7      | Reached skill level 5 in Spellcasting
  8832 | D:7      | Learned a level 2 spell: Call Imp
  8836 | D:7      | Learned a level 3 spell: Swiftness
  9015 | D:7      | Reached ** piety under Dithmenos
  9127 | D:7      | Reached skill level 1 in Air Magic
  9285 | D:7      | Found a staircase to the Ecumenical Temple.
 10098 | D:7      | Reached XP level 10. HP: 66/66 MP: 17/17
 10643 | D:8      | Found a staircase to the Lair.
 10781 | D:8      | Noticed a two-headed ogre
 10797 | D:8      | Killed a two-headed ogre
 10798 | D:8      | Reached skill level 5 in Air Magic
 10962 | D:8      | Reached skill level 5 in Summonings
 11371 | D:8      | Learned a level 4 spell: Animate Armour
 12083 | D:8      | Reached skill level 1 in Earth Magic
 12328 | Lair:1   | Entered Level 1 of the Lair of Beasts
 12412 | Lair:1   | Noticed a cane toad
 12426 | Lair:1   | Killed a cane toad
 12486 | Lair:1   | Noticed a black mamba
 12494 | Lair:1   | Killed a black mamba
 12564 | Lair:1   | Noticed a cane toad
 12575 | Lair:1   | Killed a cane toad
 12576 | Lair:1   | Reached XP level 11. HP: 52/71 MP: 8/21
 12626 | Lair:1   | Learned a level 4 spell: Airstrike
 12759 | Lair:1   | Found a corrupted altar of Lugonu.
 13220 | Lair:1   | You fall into a shaft and drop 1 floor!
 13220 | Lair:2   | Noticed a four-headed hydra
 13245 | Lair:2   | Noticed Erica
 13837 | Lair:2   | Killed a four-headed hydra
 13842 | Lair:2   | Reached *** piety under Dithmenos
 13848 | Lair:2   | Reached skill level 5 in Armour
 13889 | Lair:1   | Slain by a cane toad

Illustrated notes

Levels and vault maps discovered:
D:1:      dpeg_arrival_rhombi, layout_rooms, serial_shops,
          nicolae_shop_window_shopping
D:2:      layout_loops_cross, minmay_domino_2
D:3:      layout_basic, mainiacjoe_overflow_large_starburst,
          ebering_ecumenical_altar_sacrificial, serial_undead, serial_undead_c,
          serial_undead_c, serial_undead_b, serial_undead_e, minivault_19
D:4:      layout_loops_ring
D:5:      layout_basic, gammafunk_ghost_abyssal_escape, uniq_crazy_yiuf_cottage,
          uniq_duvessa
D:6:      layout_rooms, nicolae_overflows_in_rows, serial_shops, shop,
          nrook_pool_corridor, uniq_maggie
D:7:      layout_layer_cave, minmay_temple_entry_glass, kennysheep_windowed_goal
D:8:      layout_gridville, erik_lair_orcish_takeover,
          minmay_fractal_squares_diagonal_5
D:9:      layout_roguey, small_statue_intersection, minmay_puff
Lair:1:   layout_gridlike, amcnicky_altar_lugonu_corruption,
          infiniplex_staircase_pool, grunt_megastairs_5
Lair:2:   layout_gridlike, elwin_shoals_entry_rooms, nicolae_lair_lakeside_cave,
          grunt_megastairs_4, serial_bayou_shore_a, uniq_erica

Skill      XL: |  1  2  3  4  5  6  7  8  9 10 11 |
---------------+----------------------------------+-----
Spellcasting   | 1 2 4 5 6 7 |  7.0
Dodging        | 2 3 5 7 |  7.0
Summonings     | 1 2 3 5 6 |  6.1
Conjurations   | 1 2 3 5 6 |  6.0
Hexes          | 1 2 3 |  3.0
Armour         | 3 5 |  5.8
Air Magic      | 3 6 7 |  7.0
Earth Magic    | 2 4 |  4.0
Fighting       | |  1.5
Stealth        | |  1.0
Evocations     | |  3.0

Action                   |  1- 3 |  4- 6 |  7- 9 | 10-12 || total
-------------------------+-------+-------+-------+-------++-------
Melee: Dagger            |   163 |    35 |       |       ||   198
       Club              |    14 |       |       |       ||    14
       Punch             |     1 |       |       |       ||     1
       Short sword       |       |    33 |       |       ||    33
       Spear             |       |    12 |       |       ||    12
       Long sword        |       |    11 |     4 |       ||    15
       Quarterstaff      |       |       |    22 |    29 ||    51
Throw: Stone             |     5 |       |       |       ||     5
       Dart              |     6 |    11 |     1 |       ||    18
 Cast: Magic Dart        |     3 |    50 |    68 |    31 ||   152
       Summon Guardian G |       |     5 |    12 |    24 ||    41
       Searing Ray       |       |    14 |    40 |    39 ||    93
       Call Imp          |       |       |    12 |    27 ||    39
       Swiftness         |       |       |     1 |     4 ||     5
       Airstrike         |       |       |       |     7 ||     7
       Animate Armour    |       |       |       |     3 ||     3
Evoke: Wand              |     4 |     2 |     7 |     1 ||    14
  Use: Scroll            |     5 |     1 |     7 |     2 ||    15
       Potion            |       |       |     2 |     3 ||     5
 Stab: Sleeping          |     4 |     1 |       |       ||     5
Armor: Leather armour    |    27 |    18 |    15 |       ||    60
       Robe              |    23 |    28 |       |       ||    51
       Swamp dragon scal |       |       |    24 |    41 ||    65
Dodge: Dodged            |    95 |    84 |    60 |   108 ||   347
